 Dungeon Crawl Stone Soup version 0.23-a0-481-g60b89c1 (webtiles) character file.

43 XanderDroid the Magician (level 3, 0/25 HPs)
             Began as a Gnoll Wanderer on Nov 29, 2018.
             Slain by Natasha (6 damage)
             ... on level 2 of the Dungeon.
             The game lasted 00:06:44 (1270 turns).

XanderDroid the Magician (Gnoll Wanderer)           Turns: 1270, Time: 00:06:44

Health: 0/25       AC:  4    Str: 17    XL:     3   Next: 58%
Magic:  3/9        EV: 12    Int: 15    God:
Gold:   72         SH:  0    Dex: 11    Spells: 9/12 levels left

rFire    . . .     SeeInvis .   a - +0 falchion
rCold    . . .     Gourm    .   (no shield)
rNeg     . . .     Faith    .   d - +0 robe
rPois    .         Spirit   .   (no helmet)
rElec    .         Reflect  .   (no cloak)
rCorr    .         Harm     .   i - +1 pair of gloves {archery}
MR       .....                  (no boots)
Stlth    ++........             (no amulet)
HPRegen  0.08/turn              (no ring)
MPRegen  0.11/turn              (no ring)

@: very slightly contaminated, slowed, very slow
A: distributed training, fangs 1, strong nose
a: no special abilities


You were on level 2 of the Dungeon.
You were not hungry.

You visited 1 branch of the dungeon, and saw 2 of its levels.

You collected 72 gold pieces.

Inventory:

Hand Weapons
 a - a +0 falchion (weapon)
 b - a +0 short sword
Armour
 d - a +0 robe (worn)
 i - a +1 pair of gloves of archery (worn)
Jewellery
 l - a cursed ring of teleportation {unknown}
Scrolls
 e - 2 scrolls of identify {unknown}
 g - a scroll of fear {unknown}
 j - a scroll of teleportation {unknown}
 m - 2 scrolls of remove curse {unknown}
 n - a scroll of enchant weapon {unknown}
Potions
 c - 4 potions of curing
 k - a potion of flight {unknown}
 o - a potion of heal wounds {unknown}
Comestibles
 f - 2 rations
 h - 8 chunks of flesh


   Skills:
 + Level 0.8 Fighting
 + Level 0.8 Short Blades
 + Level 2.6 Long Blades
 + Level 0.8 Axes
 + Level 0.8 Maces & Flails
 + Level 0.8 Polearms
 + Level 0.8 Staves
 + Level 0.8 Slings
 + Level 0.8 Bows
 + Level 0.8 Crossbows
 + Level 0.8 Throwing
 + Level 0.8 Armour
 + Level 2.6 Dodging
 + Level 4.1 Stealth
 + Level 0.8 Shields
 + Level 0.8 Unarmed Combat
 + Level 5.0 Spellcasting
 + Level 3.7 Conjurations
 + Level 0.5 Hexes
 + Level 2.1 Charms
 + Level 0.5 Summonings
 + Level 0.5 Necromancy
 + Level 0.5 Translocations
 + Level 0.5 Transmutations
 + Level 0.5 Fire Magic
 + Level 0.5 Ice Magic
 + Level 0.5 Air Magic
 + Level 0.5 Earth Magic
 + Level 0.5 Poison Magic
 + Level 1.0 Invocations
 + Level 2.6 Evocations


You had 9 spell levels left.
You knew the following spells:

 Your Spells              Type           Power        Failure   Level  Hunger
a - Magic Dart            Conj           ###.         3%          1    None
b - Blink                 Tloc           N/A          19%         2    ##.....

Your spell library contained the following spells:

 Spells                   Type           Power        Failure   Level  Hunger
 Call Imp                 Summ           #.......     19%         2    ##.....
 Slow                     Hex            #.......     19%         2    ##.....
 Conjure Flame            Conj/Fire      ##......     21%         3    ###....
 Mephitic Cloud           Conj/Pois/Air  #.......     26%         3    ###....


Dungeon Overview and Level Annotations

Branches:
Dungeon (2/15)

Altars:

Annotations:
D:2 Natasha


Innate Abilities, Weirdness & Mutations

Your experience applies equally to all skills.
You have very sharp teeth.
Your uncanny sense of smell can sniff out nearby items.


Message History

The magic dart hits Natasha.
Natasha is heavily wounded.
Natasha misses you.
Casting: Magic Dart (safe; 3% risk of failure)
Confirm with . or Enter, or press ? or * to list all spells.
Aiming: Magic Dart (safe; 3% risk of failure)
Press: ? - help, Shift-Dir - straight line, f/p - Natasha
Aim: Natasha (heavily wounded)
The magic dart hits Natasha.
Natasha is heavily wounded.
Natasha claws you but does no damage. Natasha misses you.
Casting: Magic Dart (safe; 3% risk of failure)
Confirm with . or Enter, or press ? or * to list all spells.
Aiming: Magic Dart (safe; 3% risk of failure)
Press: ? - help, Shift-Dir - straight line, f/p - Natasha
Aim: Natasha (heavily wounded)
The magic dart hits Natasha.
Natasha is severely wounded.
Natasha claws you.
You die...

###......
#...#.........#.#.. ..#
#.........#.#.# .#
#..........#...
###..#.#......(..##
....##............#
....##............##
#..................##
##..........$...@h..#
..##....................
#....#..[...............
####...........####.....
...#.........>..........
...)....................
.......####.#....... ...
.......(.....#####>. ...
....##.####..# ##


You could see Natasha.

Vanquished Creatures
  An adder (D:2)
  A worm (D:1)
  A dart slug (D:2)
  2 leopard geckos
  3 bats (D:1)
  4 giant cockroaches
  5 goblins
  2 hobgoblins
  2 kobolds (D:1)
  A frilled lizard (D:1)
  2 rats (D:1)
24 creatures vanquished.

Notes
Turn   | Place    | Note
-------+----------+-------------------------------------------
     0 | D:1      | XanderDroid the Gnoll Wanderer began the quest for the Orb.
     0 | D:1      | XanderDroid set off with the following items: a +0
                  | falchion, a potion of curing, a +0 robe, a +0 dagger, a
                  | ration; and the following spell memorised: Magic Dart; and
                  | the following spells available to memorise: Conjure Flame,
                  | Blink, Call Imp, Slow, Mephitic Cloud
     0 | D:1      | Reached XP level 1. HP: 13/13 MP: 6/6
   325 | D:1      | Reached XP level 2. HP: 13/19 MP: 7/7
  1036 | D:1      | Learned a level 2 spell: Blink
  1067 | D:1      | Reached XP level 3. HP: 14/25 MP: 0/9
  1149 | D:2      | Reached skill level 5 in Spellcasting
  1242 | D:2      | Reached skill level 1 in Invocations
  1252 | D:2      | Noticed Natasha
  1270 | D:2      | Slain by Natasha

Vault maps used:
D:1:      matt_arrival_diagonals, hangedman_decor_riveting
D:2:      nicolae_overflow_hidden_temple, uniq_natasha

Skill      XL: |  1  2  3 |
---------------+----------+-----
Charms         | 2 |  2.1
Spellcasting   | 5 |  5.0
Invocations    | 1 |  1.0
Fighting       | |  0.8
Short Blades   | |  0.8
Long Blades    | |  2.6
Axes           | |  0.8
Maces & Flails | |  0.8
Polearms       | |  0.8
Staves         | |  0.8
Slings         | |  0.8
Bows           | |  0.8
Crossbows      | |  0.8
Throwing       | |  0.8
Armour         | |  0.8
Dodging        | |  2.6
Stealth        | |  4.1
Shields        | |  0.8
Unarmed Combat | |  0.8
Conjurations   | |  3.7
Hexes          | |  0.5
Summonings     | |  0.5
Necromancy     | |  0.5
Translocations | |  0.5
Transmutations | |  0.5
Fire Magic     | |  0.5
Ice Magic      | |  0.5
Air Magic      | |  0.5
Earth Magic    | |  0.5
Poison Magic   | |  0.5
Evocations     | |  2.6

Action                   || total
-------------------------++-------
Melee: Falchion          ||    59
       Bite              ||     9
 Cast: Magic Dart        ||    18
 Stab: Sleeping          ||     4
  Eat: Chunk             ||     1
Armor: Robe              ||    18
Dodge: Dodged            ||    54
       Rpst.: Falchion   ||    18

Table legend:
 A = Non-vault XP
 B = Vault XP
 C = Vault XP percentage of total XP
 D = Non-vault monster count
 E = Vault monster count
 F = Vault count percentage of total count
                 A         B        C        D         E       F
            +---------+---------+-------+---------+---------+-------
      Total |      62 |       0 |   0.0 |      24 |       0 |   0.0
            +---------+---------+-------+---------+---------+-------
        D:1 |      33 |       0 |   0.0 |      17 |       0 |   0.0
        D:2 |      29 |       0 |   0.0 |       7 |       0 |   0.0
            +---------+---------+-------+---------+---------+-------
